 Dungeon Crawl Stone Soup version 0.22-a0-609-gfedc9ff (webtiles) character file.

1456 Amnesiac the Digger (level 8, 0/52 HPs)
             Began as a Vampire Earth Elementalist on July 10, 2018.
             Was an Initiate of Dithmenos.
             Slain by a leopard gecko (1 damage)
             ... on level 9 of the Dungeon.
             The game lasted 00:17:36 (3731 turns).

Amnesiac the Digger (Vampire Earth Elementalist)    Turns: 3731, Time: 00:17:37

Health: 0/52       AC:  3    Str:  7    XL:     8   Next: 47%
Magic:  3/12       EV: 12    Int: 20    God:    Dithmenos [......]
Gold:   70         SH:  0    Dex: 14    Spells: 6/13 levels left

rFire    . . .     SeeInvis +   a - +0 dagger
rCold    + + .     Gourm    .   (no shield)
rNeg     + + +     Faith    .   c - +0 robe
rPois    ∞         Spirit   .   (no helmet)
rElec    .         Reflect  .   (no cloak)
rCorr    .         Harm     .   e - +0 pair of gloves
MR       +....                  (no boots)
Stlth    +++++.....             (no amulet)
HPRegen  0.00/turn              r - ring of protection from magic
MPRegen  0.13/turn              y - ring of wizardry

@: bloodless, non-regenerating
A: fangs 3, see invisible, unbreathing
a: Bat Form, Renounce Religion


You were on level 9 of the Dungeon.
You worshipped Dithmenos.
Dithmenos was noncommittal.
You were bloodless.

You visited 2 branches of the dungeon, and saw 11 of its levels.

You collected 245 gold pieces.
You spent 175 gold pieces at shops.

Inventory:

Hand Weapons
 a - a +0 dagger (weapon)
Missiles
 n - 49 stones (quivered)
Armour
 c - a +0 robe (worn)
 e - a +0 pair of gloves (worn)
Magical Staves
 b - an uncursed staff of conjuration
Jewellery
 r - a ring of protection from magic (left hand)
 y - a ring of wizardry (right hand)
 A - a +3 ring of evasion {unknown}
Wands
 o - a wand of digging (13)
 p - a wand of clouds (3)
 C - a wand of random effects (23)
 E - a wand of paralysis (19)
 F - a wand of polymorph (7)
Scrolls
 h - 3 scrolls of identify {!r, unknown}
 j - 2 scrolls of teleportation {!r}
 m - a scroll of enchant weapon {!r, unknown}
 q - a scroll of immolation {!r, unknown}
 s - a scroll of magic mapping {!r, unknown}
 u - a scroll of random uselessness {!r, unknown}
 w - 2 scrolls of remove curse {!r, unknown}
 z - a scroll of fog {!r, unknown}
 G - a scroll of enchant armour {!r, unknown}
Potions
 d - 12 potions of blood {!q}
 f - a potion of flight {!q, unknown}
 g - a potion of berserk rage {!q, unknown}
 i - a potion of resistance {!q, unknown}
 k - a potion of lignification {!q, unknown}
 l - 3 potions of might {!q, unknown}
 t - 3 potions of heal wounds {!q}
 v - 3 potions of agility {!q, unknown}
 x - a potion of invisibility {!q, unknown}
 B - a potion of ambrosia {!q}
 D - 2 potions of curing {!q, unknown}


   Skills:
 - Level 6.4 Short Blades
 - Level 2.1 Dodging
 + Level 6.2 Stealth
 - Level 3.0 Spellcasting
 - Level 5.1 Transmutations
 * Level 6.5 Earth Magic


You had 6 spell levels left.
You knew the following spells:

 Your Spells              Type           Power        Failure   Level  Hunger
a - Sandblast             Erth           ####..       1%          1    None
b - Passwall              Tmut/Erth      ####....     1%          2    ##.....
e - Petrify               Tmut/Erth      ####....     5%          4    ####...

Your spell library contained the following spells:

 Spells                   Type           Power        Failure   Level  Hunger
 Apportation              Tloc           #.....       6%          1    None
 Summon Small Mammal      Summ           #...         6%          1    None
 Animate Skeleton         Necr           N/A          6%          1    None
 Stone Arrow              Conj/Erth      ###...       4%          3    ###....
 Confusing Touch          Hex            #.....       6%          1    None
 Lee's Rapid Deconstruct  Erth           ####......   11%         5    ######.


Dungeon Overview and Level Annotations

Branches:
Dungeon (10/15)            Temple (1/1) D:5
   Lair: D:8-11         Orc: D:9-12

Altars:
Dithmenos
Elyvilon
Fedhas
Hepliaklqana
Kikubaaqudgha
Nemelex Xobeh
Okawaru
Qazlal
Uskayaw
Vehumet
Wu Jian
Xom
Yredelemnul
Zin
The Shining One

Shops:
D:5 *?*   D:7 !

Annotations:
D:7 Grinder


Innate Abilities, Weirdness & Mutations

You do not heal naturally.
You are immune to poison.
You have razor-sharp teeth.
You have supernaturally acute eyesight. (SInv)
You can survive without breathing.


Message History

Confirm with . or Enter, or press ? or * to list all spells.
Aiming: Petrify (safe; 5% risk of failure)
Press: ? - help, Shift-Dir - straight line, f - worker ant zombie
Aim: a worker ant zombie (chance to defeat MR: 69%)
The worker ant zombie is moving more slowly.
The worker ant zombie bites you.
Unknown command.
The worker ant zombie stops moving altogether!
The helpless worker ant zombie fails to defend itself.
You stick the worker ant zombie like a pincushion!!!
You bite the worker ant zombie, but do no damage.
The worker ant zombie is almost destroyed.
The helpless worker ant zombie fails to defend itself.
You spit the worker ant zombie like a pig!!!
You destroy the worker ant zombie!
Dithmenos accepts your kill.
Found a stone staircase leading up.
There is a stone staircase leading up here.
You climb upwards.
Found a scroll labeled DICE ZEALUST and a blue potion.
There is a stone staircase leading down here.
G - a scroll labeled DICE ZEALUST {!r} A bullfrog comes into view.
Found 12 gold pieces.
A sky beast comes into view.
Casting: Petrify (safe; 5% risk of failure)
Confirm with . or Enter, or press ? or * to list all spells.
Aiming: Petrify (safe; 5% risk of failure)
Press: ? - help, Shift-Dir - straight line, f - bullfrog
Aim: a bullfrog (hasn't noticed you, chance to defeat MR: 55%)
The bullfrog croaks.
The bullfrog resists with significant effort.
The bullfrog hits you.
Unknown command.
Casting: Petrify (safe; 5% risk of failure)
Confirm with . or Enter, or press ? or * to list all spells.
Aiming: Petrify (safe; 5% risk of failure)
Press: ? - help, Shift-Dir - straight line, f/p - bullfrog
Aim: a bullfrog (chance to defeat MR: 55%)
The bullfrog resists with significant effort.
The bullfrog hits you. The bullfrog misses you.
Casting: Petrify (safe; 5% risk of failure)
Confirm with . or Enter, or press ? or * to list all spells.
You don't have enough magic to cast that spell.
A leopard gecko comes into view.
The bullfrog hits you.
* * * LOW HITPOINT WARNING * * *
The bullfrog hits you!
* * * LOW HITPOINT WARNING * * *
The bullfrog barely misses you.
The leopard gecko hisses angrily.
There is a stone staircase leading down here.
The bullfrog hits you.
* * * LOW HITPOINT WARNING * * *
The leopard gecko bites you but does no damage.
The sky beast flickers out of sight for a moment.
The bullfrog hits you.
* * * LOW HITPOINT WARNING * * *
The leopard gecko bites you.
* * * LOW HITPOINT WARNING * * *
The bullfrog hits you!
* * * LOW HITPOINT WARNING * * *
The leopard gecko bites you.
You die...

#### #..# #........ #..#
#........ #F.# #........
#.@# #........ #.l#
#........
..####.Y########......<.
..Y......................
........!..............).
.#########..####..#####<.
..# #.. ..# #>. .# #..


You could see a sky beast (invisible), a bullfrog and a leopard gecko.

Vanquished Creatures
  Psyche (D:9)
  Menkaure (D:4)
  An ogre (D:6)
  A necrophage (D:8)
  2 phantoms (D:5)
  A centaur (D:5)
  2 scorpions (D:4)
  A crimson imp (D:6)
  3 hounds
  3 jellies
  An orc wizard (D:5)
  A bullfrog skeleton (D:5)
  Ijyb (D:5)
  An iguana (D:7)
  3 worker ants
  A hound zombie (D:5)
  A hound skeleton (D:4)
  A worker ant zombie (D:10)
  4 adders
  A gnoll (D:1)
  A shadow imp (D:5)
  An ooze (D:1)
  A worm (D:2)
  3 leopard geckos
  5 orcs
  2 giant cockroaches
  4 goblins
  2 hobgoblins
  3 jackals
  A kobold (D:3)
  2 quokkas
  5 bats (D:3)
  5 frilled lizards
  3 rats
69 creatures vanquished.

Notes
Turn   | Place    | Note
-------+----------+-------------------------------------------
     0 | D:1      | Amnesiac the Vampire Earth Elementalist began the quest for the Orb.
     0 | D:1      | Reached XP level 1. HP: 13/13 MP: 3/3
   388 | D:1      | Reached XP level 2. HP: 10/19 MP: 1/5
   392 | D:1      | Learned a level 2 spell: Passwall
   504 | D:3      | Reached XP level 3. HP: 17/24 MP: 0/6
   827 | D:5      | Entered Level 5 of the Dungeon
   853 | D:5      | Reached XP level 4. HP: 25/30 MP: 3/7
   873 | D:6      | Noticed a phantom
   876 | D:6      | Reached skill level 1 in Short Blades
   877 | D:6      | Noticed a phantom
   942 | D:5      | Killed a phantom
   942 | D:5      | Reached XP level 5. HP: 15/35 MP: 0/8
  1006 | D:5      | Killed a phantom
  1006 | D:5      | Reached XP level 6. HP: 17/41 MP: 3/9
  1017 | D:5      | Found Qaothut's General Store.
  1026 | D:5      | Noticed Ijyb
  1087 | D:5      | Killed Ijyb
  1087 | D:5      | Reached skill level 5 in Stealth
  1160 | D:5      | Found Oquo's General Store.
  1310 | D:5      | Found Roczoiso's Magic Scroll Shoppe.
  1316 | D:5      | Bought a scroll of teleportation for 45 gold pieces
  1320 | D:5      | Found a stormy altar of Qazlal.
  1508 | D:4      | Found an iron altar of Okawaru.
  1539 | D:3      | Learned a level 4 spell: Petrify
  1830 | D:4      | Reached XP level 7. HP: 38/46 MP: 5/10
  2149 | D:4      | Noticed Menkaure
  2163 | D:4      | Reached skill level 5 in Short Blades
  2397 | D:4      | Killed Menkaure
  2905 | D:5      | Found a staircase to the Ecumenical Temple.
  2927 | Temple   | Entered the Ecumenical Temple
  3061 | D:5      | Found a glowing golden altar of the Shining One.
  3063 | D:5      | Found a glowing silver altar of Zin.
  3063 | D:5      | Found a shadowy altar of Dithmenos.
  3063 | D:5      | Found a shimmering altar of Xom.
  3072 | D:5      | Became a worshipper of Dithmenos the Shadowed
  3126 | D:6      | Reached skill level 5 in Earth Magic
  3312 | D:6      | Noticed Grinder
  3404 | D:7      | Paralysed by Grinder for 7 turns
  3420 | D:7      | Found Adytunud's Distillery.
  3426 | D:7      | Bought a potion of heal wounds for 50 gold pieces
  3426 | D:7      | Bought a potion of ambrosia for 80 gold pieces
  3498 | D:7      | Reached XP level 8. HP: 15/52 MP: 6/12
  3636 | D:8      | Reached skill level 5 in Transmutations
  3662 | D:9      | Noticed Psyche
  3669 | D:9      | Killed Psyche
  3678 | D:10     | Entered Level 10 of the Dungeon
  3731 | D:9      | HP: 1/52 [bullfrog (7)]
  3731 | D:9      | Slain by a leopard gecko

Vault maps used:
D:1:      lightli_arrival_isolated_outpost
D:2:      st_stairs_4
D:3:      guppyfry_early_orc_mine
D:4:      first_ration, okawaru_trees_1, uniq_menkaure
D:5:      grunt_temple_overflow_open, minmay_temple_entry_junction,
          serial_shops, shop, kennysheep_little_box, shop,
          nicolae_shop_temple_entry_statues_fountains, shop,
          nicolae_qazlal_eye_of_the_storm, uniq_ijyb
D:6:      minmay_overflow_temple_hex, uniq_crazy_yiuf_cottage, uniq_pikel,
          uniq_grinder
D:7:      nicolae_overflow_crystal_walls, serial_shops, shop
D:8:      basic_altar, grunt_ministairs_14, hangedman_ranch, minmay_evil_grid,
          uniq_gastronok
D:9:      lemuel_round_altar, grunt_lair_entry_orc_guard_hut,
          uniq_prince_ribbit1, uniq_maurice, uniq_psyche
D:10:     hiddenorc2_lemuel
Temple:   zaba_magenta_temple

Skill      XL: |  1  2  3  4  5  6  7  8 |
---------------+-------------------------+-----
Stealth        | 4 6 |  6.2
Earth Magic    | 4 5 6 |  6.5
Short Blades   | 3 4 5 6 |  6.4
Transmutations | 2 3 4 5 |  5.1
Spellcasting   | 3 |  3.0
Dodging        | |  2.1

Action                   |  1- 3 |  4- 6 |  7- 9 || total
-------------------------+-------+-------+-------++-------
Melee: Unarmed           |    22 |     4 |       ||    26
       Bite              |     4 |     3 |     3 ||    10
       Dagger            |    10 |    34 |    69 ||   113
 Cast: Sandblast         |    31 |    25 |     5 ||    61
       Passwall          |     1 |     6 |     4 ||    11
       Petrify           |       |     2 |    27 ||    29
 Abil: End Transformatio |     1 |     4 |     4 ||     9
       Bat Form          |     1 |     4 |     4 ||     9
 Stab: Sleeping          |     1 |     9 |     7 ||    17
       Petrified         |       |     3 |    19 ||    22
Armor: Robe              |    17 |     7 |    14 ||    38
Dodge: Dodged            |    22 |    53 |    56 ||   131

Table legend:
 A = Spawn XP
 B = Non-spawn XP
 C = Spawn XP percentage of total XP
 D = Spawn monster count
 E = Non-spawn monster count
 F = Spawn count percentage of total count
 G = Total turns spent on level
                    A         B        C        D         E        F      G
               +---------+---------+-------+---------+---------+-------+---------
         Total |       0 |    2081 |   0.0 |       0 |      69 |   0.0 |  3731
               +---------+---------+-------+---------+---------+-------+---------
           D:1 |       0 |      28 |   0.0 |       0 |       7 |   0.0 |   454
           D:2 |       0 |       9 |   0.0 |       0 |       3 |   0.0 |    25
           D:3 |       0 |      50 |   0.0 |       0 |      17 |   0.0 |   596
           D:4 |       0 |     444 |   0.0 |       0 |      11 |   0.0 |  1009
           D:5 |       0 |     627 |   0.0 |       0 |      19 |   0.0 |   996
           D:6 |       0 |     213 |   0.0 |       0 |       4 |   0.0 |   171
           D:7 |       0 |     118 |   0.0 |       0 |       3 |   0.0 |   263
           D:8 |       0 |     121 |   0.0 |       0 |       1 |   0.0 |    86
           D:9 |       0 |     410 |   0.0 |       0 |       1 |   0.0 |    31
          D:10 |       0 |      59 |   0.0 |       0 |       2 |   0.0 |    38
        Temple |       0 |       2 |   0.0 |       0 |       1 |   0.0 |    62
               +---------+---------+-------+---------+---------+-------+---------
